 Dungeon Crawl Stone Soup version 0.30-a0-1053-gbd8d5ba0ad (webtiles) character file.

Game seed: 5068080055380306625

345 Farfigtubin the Sneak (level 6, -1/38 HPs)
             Began as a Kobold Brigand on Apr 11, 2023.
             Killed from afar by an orc wizard (4 damage)
             ... with a puff of flame
             ... on level 4 of the Dungeon.
             The game lasted 00:27:44 (3727 turns).

Farfigtubin the Sneak (Kobold Brigand)              Turns: 3727, Time: 00:27:45

Health: -1/38      AC:  4    Str:  8    XL:     6   Next: 89%
Magic:  6/6        EV: 14    Int: 12    God:
Gold:   119        SH:  0    Dex: 19    Spells: 5/5 levels left

rFire   . . .      SeeInvis .    p - +1 dagger (flame)
rCold   . . .      Faith    .    (no shield)
rNeg    . . .      Spirit   .    b - +0 robe
rPois   .          Reflect  .    o - +0 helmet
rElec   .          Rampage  .    c - +0 cloak
rCorr   .                        (no gloves)
Will    .....                    (no boots)
Stlth   +++                      (no amulet)
HPRegen 0.26/turn                (no ring)
MPRegen 0.10/turn                (no ring)

@: confused, lethally poisoned (-1 -> -13)
A: small, no large weapons, nightstalker 3
a: no special abilities


You were on level 4 of the Dungeon.
You visited 1 branch of the dungeon, and saw 4 of its levels.

You collected 119 gold pieces.

Inventory:

Hand Weapons
 a - a +2 dagger
 p - a +1 dagger of flaming (weapon)
Missiles
 d - 4 poisoned darts
 e - a curare-tipped dart
 f - 34 stones (quivered)
Armour
 b - a +0 robe (worn)
 c - a +0 cloak (worn)
 o - a +0 helmet (worn)
Jewellery
 s - a ring of flight
Scrolls
 g - 2 scrolls of teleportation {unknown}
 h - 3 scrolls of immolation {unknown}
 k - a scroll of poison {unknown}
 n - 2 scrolls of identify {unknown}
 q - 3 scrolls of butterflies {unknown}
 r - a scroll of amnesia {unknown}
Potions
 j - a potion of mutation {unknown}
 l - 2 potions of brilliance {unknown}
 m - a potion of lignification {unknown}


   Skills:
 + Level 4.1 Fighting
 * Level 6.6 Short Blades
 - Level 2.1 Throwing
 - Level 1.2 Dodging
 + Level 7.0 Stealth


You had 5 spell levels left.
You didn't know any spells.
Your spell library contained the following spells:

 Spells                   Type           Power      Damage    Failure   Level
 Magic Dart               Conj           0%         1d3       32%         1
 Searing Ray              Conj           0%         2d4       45%         2
 Fulminant Prism          Conj/Hex       0%         3d5       97%         4


Dungeon Overview and Level Annotations

Branches:
Dungeon (4/15)
 Temple: D:4-7

Altars:
Fedhas

Shops:
D:1 [

Annotations:
D:4 Dowan, Duvessa


Innate Abilities, Weirdness & Mutations

You are small and have problems with some larger weapons.
You are completely attuned to the shadows.


Message History

The hound barely misses you.
You hit the hound. You burn the hound.
The hound is almost dead.
The hound misses you.
The orc wizard hits you but does no damage.
You are poisoned.
You hit the hound but do no damage.
The hound is almost dead.
You feel sick. The hound completely misses you.
The orc wizard points at you and mumbles some strange words.
You are confused.
You bump into the rock wall.
You feel sick. The hound closely misses you.
The hound bites you but does no damage.
The orc wizard hits you but does no damage.
You are more poisoned.
You bump into the rock wall.
You feel very sick. The hound bites you. The orc wizard closely misses you.
You closely miss the hound.
The hound is almost dead.
You feel sick. The hound bites you.
You hit the orc wizard but do no damage.
The orc wizard is lightly wounded.
You feel sick. The hound barely misses you.
The orc wizard hits you with a +1 dagger of venom.
You are lethally poisoned!
You bump into the rock wall.
* * * LOW HITPOINT WARNING * * *
You feel very sick. The hound bites you but does no damage.
The orc wizard closely misses you. The hound bites you but does no damage.
You hit the orc wizard but do no damage.
The orc wizard is lightly wounded.
* * * LOW HITPOINT WARNING * * *
You feel very sick. The hound bites you.
* * * LOW HITPOINT WARNING * * *
The orc wizard points at you and mumbles some strange words.
The puff of flame hits you.
You die...

####... ###......
...... #.(.(...
...#.# #
#.....#######...###..
....<$o@h).........)#
#.#######..##.).<....
#...###.#######
#.#......###
#.###.##....#####
......# ###.....##
.....### #####... #.
####


You could see a hound and an orc wizard.

Vanquished Creatures
  A centaur (D:3)
  A jelly (D:3)
  Terence (D:2)
  An iguana (D:3)
  Robin (D:2)
  6 gnolls
  An adder (D:3)
  A worm (D:3)
  A dart slug (D:1)
  5 orcs
  6 endoplasms
  4 giant cockroaches
  20 goblins
  8 hobgoblins
  2 jackals (D:1)
  7 ball pythons
  8 bats
  4 frilled lizards
  10 kobolds
  6 rats
94 creatures vanquished.

Notes
Turn   | Place    | Note
-------+----------+-------------------------------------------
     0 | D:1      | Farfigtubin the Kobold Brigand began the quest for the Orb.
     0 | D:1      | Reached XP level 1. HP: 12/12 MP: 1/1
   161 | D:1      | Reached XP level 2. HP: 9/18 MP: 2/2
   581 | D:1      | Reached XP level 3. HP: 19/22 MP: 3/3
   702 | D:1      | Found Ycuint's Armour Shop.
  1348 | D:2      | Noticed Terence
  1378 | D:2      | Noticed Robin
  1415 | D:2      | Found a faded altar of an unknown god.
  1448 | D:2      | Killed Terence
  1449 | D:2      | Reached skill level 6 in Stealth
  1449 | D:2      | Reached XP level 4. HP: 10/28 MP: 4/4
  1453 | D:2      | Found a blossoming altar of Fedhas.
  2018 | D:2      | Killed Robin
  2019 | D:2      | Reached XP level 5. HP: 19/32 MP: 5/5
  2171 | D:3      | Reached skill level 5 in Short Blades
  2258 | D:3      | Upgraded the game from 0.30-a0-1043-g60ff8d5f49 to
                  | 0.30-a0-1053-gbd8d5ba0ad
  3095 | D:3      | Noticed a centaur
  3098 | D:3      | Killed a centaur
  3099 | D:3      | Reached XP level 6. HP: 38/38 MP: 6/6
  3328 | D:4      | Noticed Dowan
  3331 | D:4      | Noticed Duvessa
  3535 | D:3      | Reached skill level 7 in Stealth
  3727 | D:4      | Killed from afar by an orc wizard

Illustrated notes

Levels and vault maps discovered:
D:1:      amcnicky_arrival_single_pillar, layout_basic, serial_shops, shop
D:2:      layout_basic, basic_altar, hellmonk_ecumenical_altar_lost_god,
          uniq_terence, uniq_robin
D:3:      layout_loops_cross
D:4:      layout_rooms, minmay_bisected, uniq_edmund, uniq_crazy_yiuf_cottage,
          uniq_duvessa

Skill      XL: |  1  2  3  4  5  6 |
---------------+-------------------+-----
Short Blades   | 3 4 6 |  6.6
Fighting       | 3 4 |  4.1
Stealth        | 6 7 |  7.0
Throwing       | |  2.1
Dodging        | |  1.2

Action                     |  1- 3 |  4- 6 || total
---------------------------+-------+-------++-------
  Melee: Dagger            |   114 |   196 ||   310
         Punch             |     2 |     1 ||     3
  Throw: Stone             |     3 |     1 ||     4
         Dart              |     1 |    20 ||    21
         Throwing net      |       |     2 ||     2
   Stab: Sleeping          |    16 |    18 ||    34
 Armour: Robe              |    13 |    28 ||    41
  Dodge: Dodged            |    65 |   120 ||   185

Table legend: (Time is in decaauts)
 A = Elapsed time spent in this place.
 B = Non-inter-level travel time spent in this place.
 C = Inter-level travel time spent in this place.
 D = Time resting spent in this place.
 E = Time spent auto-exploring this place.
 F = Levels seen in this place.
 G = Mean time per level.
                   A        B        C        D        E       F      G
               +--------+--------+--------+--------+--------+-----+--------+
         Total |   3653 |   3281 |    372 |    372 |    805 |   4 |  913.2 |
       Dungeon |   3653 |   3281 |    372 |    372 |    805 |   4 |  913.2 |
               +--------+--------+--------+--------+--------+-----+--------+

Top non-repeatable levels by time:
     D:3: 1269 daAuts
     D:2: 1222 daAuts
     D:1: 1047 daAuts
     D:4: 114 daAuts
